 Dungeon Crawl Stone Soup version 0.21.1-1-g345015f (webtiles) character file.

43 Iko the Digger (level 3, 0/21 HPs)
             Began as an Octopode Earth Elementalist on May 4, 2018.
             Was an Initiate of Gozag.
             Slain by a leopard gecko (5 damage)
             ... on level 5 of the Dungeon.
             The game lasted 00:11:56 (926 turns).

Iko the Digger (Octopode Earth Elementalist)         Turns: 926, Time: 00:11:58

Health: 0/21       AC:  1    Str:  8    XL:     3   Next: 58%
Magic:  5/6        EV: 13    Int: 22    God:    Gozag
Gold:   98         SH:  0    Dex: 12    Spells: 2/6 levels left

rFire    . . .     SeeInvis .   a - +1 dagger
rCold    . . .     Gourm    .   (no shield)
rNeg     . . .     Faith    .   (helmet restricted)
rPois    .         Spirit   .   (no amulet)
rElec    .         Reflect  .   (no ring)
rCorr    .         Harm     .   (no ring)
MR       .....                  (no ring)
Stlth    +++.......             (no ring)
HPRegen  0.07/turn              (no ring)
MPRegen  0.10/turn              (no ring)
                                (no ring)
                                (no ring)

@: brilliant
A: almost no armour, stealthy swim, amphibious, 8 rings, constrict 8, camouflage
1, gelatinous body 1
a: Potion Petition, Call Merchant, Bribe Branch, Renounce Religion


You were on level 5 of the Dungeon.
You worshipped Gozag.
Gozag was noncommittal.
You were not hungry.

You visited 2 branches of the dungeon, and saw 6 of its levels.

You collected 129 gold pieces.
You paid 31 gold pieces to Gozag.

Inventory:

Hand Weapons
 a - a +1 dagger (weapon)
Missiles
 b - 34 stones (quivered)
 e - 19 sling bullets
Wands
 g - a wand of acid (10)
Potions
 f - a potion of flight
Books
 d - a book of Geomancy

   Spells                             Type                      Level
   a - Sandblast                      Earth                        1
   b - Passwall                       Transmutation/Earth          2
   c - Stone Arrow                    Conjuration/Earth            3
   d - Petrify                        Transmutation/Earth          4
   e - Lee's Rapid Deconstruction     Earth                        5
 h - a book of Misfortune

   Spells                             Type                      Level
   a - Confusing Touch                Hexes                        1
   b - Confuse                        Hexes                        3
   c - Gell's Gravitas                Translocation                3
   d - Petrify                        Transmutation/Earth          4
   e - Metabolic Englaciation         Hexes/Ice                    5
   f - Yara's Violent Unravelling     Hexes/Transmutation          5
Comestibles
 c - 8 rations


   Skills:
 + Level 0.1 Fighting
 + Level 0.7 Short Blades
 + Level 0.4 Throwing
 + Level 2.2 Dodging
 + Level 2.9 Stealth
 + Level 2.3 Spellcasting
   Level 1.0 Transmutations
 + Level 3.6 Earth Magic


You had 2 spell levels left.
You knew the following spells:

 Your Spells              Type           Power        Failure   Level  Hunger
a - Sandblast             Erth           ####..       1%          1    None
b - Gell's Gravitas       Tloc           ###.......   4%          3    ###....


Dungeon Overview and Level Annotations

Branches:
Dungeon (5/15)             Temple (1/1) D:4

Altars:
Cheibriados
Dithmenos
Elyvilon
Fedhas
Gozag
Hepliaklqana
Kikubaaqudgha
Makhleb
Nemelex Xobeh
Okawaru
Qazlal
Ru
Sif Muna
Trog
Uskayaw
Vehumet
Wu Jian
Xom
Yredelemnul
Zin
The Shining One


Innate Abilities, Weirdness & Mutations

You cannot wear most types of armour.
You are very stealthy in the water. (Stealth+)
You are amphibious.
You can wear up to eight rings at the same time.
You can use your tentacles to constrict eight enemies at once.
Your skin changes colour to match your surroundings (Stealth+).
Your rubbery body absorbs attacks. (AC +1, EV +1)


Message History

The water moccasin zombie is lightly damaged.
You constrict the water moccasin zombie.
The water moccasin zombie bites you.
* * * LOW HITPOINT WARNING * * *
The giant cockroach zombie barely misses you.
The orc closely misses you.
Casting: Sandblast
Confirm with . or Enter, or press ? or * to list all spells.
Aiming: Sandblast
Press: ? - help, Shift-Dir - straight line, f - water moccasin zombie
Aim: a water moccasin zombie (lightly damaged, constricted by you)
The blast of sand hits the water moccasin zombie.
The water moccasin zombie is heavily damaged.
b - 34 stones You constrict the water moccasin zombie.
The water moccasin zombie bites you.
* * * LOW HITPOINT WARNING * * *
The leopard gecko bites you.
You die...
Your body crumbles into a pile of gold.

#........$
#.........
#.#.........
#.#....Z....
#.#.........
#.#...S.....
#a#.Z.%.....
#.#.@........
##.####.#Zol.......
#.........W........
######.##o........
#<# #.....Z.......
#.# #..##.........
#.# #.W##.........
#g# #.............
#g# #.###.........


You could see a phantom, an adder, 2 orcs, an adder zombie, a water moccasin
zombie, a giant cockroach zombie, a centaur zombie and a leopard gecko.

Vanquished Creatures
  A worker ant (D:4)
  A worm (D:4)
  An orc (D:4)
  A giant cockroach (D:1)
  4 hobgoblins (D:1)
  5 bats (D:1)
  2 rats (D:1)
15 creatures vanquished.

Notes
Turn   | Place    | Note
-------+----------+-------------------------------------------
     0 | D:1      | Iko the Octopode Earth Elementalist began the quest for the Orb.
     0 | D:1      | Reached XP level 1. HP: 11/11 MP: 3/3
    77 | D:1      | Reached XP level 2. HP: 11/17 MP: 5/5
   193 | D:2      | Found a snail-covered altar of Cheibriados.
   196 | D:2      | Found an opulent altar of Gozag.
   198 | D:2      | Found a glowing golden altar of the Shining One.
   242 | D:2      | Became a worshipper of Gozag Ym Sagoz the Greedy
   563 | D:4      | Found a staircase to the Ecumenical Temple.
   574 | D:4      | Reached XP level 3. HP: 5/21 MP: 4/6
   618 | Temple   | Entered the Ecumenical Temple
   785 | D:5      | Entered Level 5 of the Dungeon
   832 | D:4      | Learned a level 3 spell: Gell's Gravitas
   862 | D:4      | Noticed an ogre
   908 | D:5      | Noticed a phantom
   926 | D:5      | Slain by a leopard gecko

Action                   || total
-------------------------++-------
Melee: Dagger            ||    39
       Constrict         ||    13
       Tentacles         ||     8
Throw: Stone             ||    23
 Cast: Sandblast         ||     5
  Use: Potion            ||     8
       Scroll            ||     5
Armor: Skin              ||     6
Dodge: Dodged            ||    41
